 Dungeon Crawl Stone Soup version 0.26-a0-540-g8a0c9464d7 (webtiles) character file.

Game seed: 17931824937466735948

18 Lanoc the Firebug (level 2, -4/15 HPs)
             Began as a Deep Elf Fire Elementalist on Aug 17, 2020.
             Slain by a scorpion (5 damage)
             ... on level 2 of the Dungeon.
             The game lasted 00:00:57 (628 turns).

Lanoc the Firebug (Deep Elf Fire Elementalist)       Turns: 628, Time: 00:00:57

Health: -4/15      AC:  4    Str:  4 (5)  XL:     2   Next: 51%
Magic:  0/8        EV: 13    Int: 16 (19) God:
Gold:   76         SH:  0    Dex: 15 (17) Spells: 6/7 levels left

rFire    . . .     SeeInvis .   (no weapon)
rCold    . . .     Faith    .   (no shield)
rNeg     . . .     Spirit   .   a - +0 robe
rPois    .         Reflect  .   (no helmet)
rElec    .         Harm     .   (no cloak)
rCorr    .         Rnd*Rage +   (no gloves)
MR       .....                  (no boots)
Stlth    ++........             (no amulet)
HPRegen  0.05/turn              (no ring)
MPRegen  0.11/turn              (no ring)

@: lethally poisoned (-4 -> -18), very slightly contaminated
A: iridescent scales 1, agile 1, berserk 1, blurry vision 1
a: no special abilities


You were on level 2 of the Dungeon.
You visited 1 branch of the dungeon, and saw 2 of its levels.

You collected 76 gold pieces.

Inventory:

Armour
 a - a +0 robe (worn)
Scrolls
 b - a scroll of enchant armour {unknown}
 c - a scroll of identify {unknown}
 e - a scroll of remove curse {unknown}
 f - a scroll of teleportation {unknown}
Potions
 h - a potion of magic {unknown}


   Skills:
 + Level 2.8 Dodging
 - Level 2.4 Stealth
 - Level 3.0 Spellcasting
 + Level 1.6 Conjurations
 * Level 3.9 Fire Magic


You had 6 spell levels left.
You knew the following spells:

 Your Spells              Type           Power        Failure   Level
a - Foxfire               Conj/Fire      ##..         6%          1

Your spell library contained the following spells:

 Spells                   Type           Power        Failure   Level
 Conjure Flame            Conj/Fire      ##......     19%         3
 Inner Flame              Hex/Fire       #.......     26%         3
 Sticky Flame             Conj/Fire      ##......     52%         4
 Fireball                 Conj/Fire      ##........   86%         5


Dungeon Overview and Level Annotations

Branches:
Dungeon (2/15)

Altars:


Innate Abilities, Weirdness & Mutations

You are partially covered in iridescent scales. (AC +2)
You are agile. (Dex +2)
You tend to lose your temper in combat.
Scrolls take you a little longer to read.


Message History

* * * LOW HITPOINT WARNING * * *
You are more poisoned.
The scorpion poisons you!
* * * LOW HITPOINT WARNING * * *
You feel sick.
The foxfire hits the scorpion but does no damage.
The scorpion is severely wounded.
The foxfire hits the scorpion.
The scorpion is severely wounded.
It was a potion of degeneration.
There was something very wrong with that liquid.
You feel weakened.
You feel dopey.
You feel clumsy.
* * * LOW HITPOINT WARNING * * *
You feel sick. The scorpion closely misses you.
It was a potion of mutation.
You feel extremely strange.
You feel a little pissed off.
You feel agile.
Your vision blurs.
Iridescent scales grow over part of your body.
* * * LOW HITPOINT WARNING * * *
You feel sick. The scorpion stings you.
You die...

.#............##.##.
................... ##
#..# #...†..##.# ..
#..# #.........# #.
#..# #.###..##.##
#..#..####...........
#..#............##.##.
#........#.###..##.##
#..#.@##.#.##.........
#..#.s##...........##.
#..........##...#..#
...................#..#
..##.##..##.#.##.#.# .#
#. #..##.#.##.#.# # #
#..##.#.##..§†
.................
.##..##.#.#.>..#..


You could see a scorpion.

Vanquished Creatures
  A worm (D:2)
  2 leopard geckos
  A giant cockroach (D:1)
  A hobgoblin (D:1)
  A ball python (D:1)
  2 bats (D:2)
  A goblin (D:1)
  3 kobolds (D:1)
  3 rats
15 creatures vanquished.

Vanquished Creatures (others)
  65 foxfires
65 creatures vanquished.

Grand Total: 80 creatures vanquished

Notes
Turn   | Place    | Note
-------+----------+-------------------------------------------
     0 | D:1      | Lanoc the Deep Elf Fire Elementalist began the quest for
                  | the Orb.
     0 | D:1      | Reached XP level 1. HP: 10/10 MP: 6/6
   186 | D:1      | Reached XP level 2. HP: 9/15 MP: 0/8
   603 | D:2      | Noticed a scorpion
   628 | D:2      | Gained mutation: You tend to lose your temper in combat.
                  | [potion of mutation]
   628 | D:2      | Gained mutation: You are agile. (Dex +2) [potion of
                  | mutation]
   628 | D:2      | Gained mutation: Scrolls take you a little longer to read.
                  | [potion of mutation]
   628 | D:2      | Gained mutation: You are partially covered in iridescent
                  | scales. (AC +2) [potion of mutation]
   628 | D:2      | Slain by a scorpion

Illustrated notes

Levels and vault maps discovered:
D:1:      dpeg_chamrin_arrival_tetris, layout_basic, nrook_mini_vaults,
          minmay_door_square, minmay_misc_feat_five
D:2:      layout_basic, chequers_ecumenical_altar_island,
          minmay_misc_feat_four_crosses, supply_closet_lemuel, minmay_tromino_v7

Action                   || total
-------------------------++-------
Melee: Unarmed           ||     8
 Cast: Foxfire           ||    40
  Use: Potion            ||     2
Armor: Robe              ||     2
Dodge: Dodged            ||    14

Table legend: (Time is in decaauts)
 A = Elapsed time spent in this place.
 B = Non-inter-level travel time spent in this place.
 C = Inter-level travel time spent in this place.
 D = Time resting spent in this place.
 E = Time spent auto-exploring this place.
 F = Levels seen in this place.
 G = Mean time per level.
                   A        B        C        D        E       F      G
               +--------+--------+--------+--------+--------+-----+--------+
         Total |    627 |    627 |      0 |      0 |    508 |   2 |  313.5 |
       Dungeon |    627 |    627 |      0 |      0 |    508 |   2 |  313.5 |
               +--------+--------+--------+--------+--------+-----+--------+

Top non-repeatable levels by time:
     D:1: 436 daAuts
     D:2: 191 daAuts
